 Dungeon Crawl Stone Soup version 0.24.0-125-gc4c63601f3 (webtiles) character file.

Game seed: 1937435438285290070, levelgen mode: deterministic

110042 Peloso the Peltast (level 16, -29/149 HPs)
             Began as a Minotaur Fighter on Mar 13, 2020.
             Was the Champion of Okawaru.
             Annihilated by a tyrant leech (40 damage)
             ... on level 3 of the Swamp.
             The game lasted 01:26:35 (27456 turns).

Peloso the Peltast (Minotaur Fighter)              Turns: 27456, Time: 01:26:35

Health: -29/149    AC: 23    Str: 32    XL:     16   Next: 6%
Magic:  16/16      EV: 16    Int:  5    God:    Okawaru [******]
Gold:   2912       SH: 24    Dex: 20    Spells: 15/15 levels left

rFire    . . .     SeeInvis .   b - +4 scimitar (flame)
rCold    . . .     Gourm    .   c - +0 large shield {rF+}
rNeg     . . .     Faith    +   A - +6 scale mail "Rues" {rF- Dex+7}
rPois    +         Spirit   .   G - +0 hat {MR+}
rElec    .         Reflect  .   T - +2 cloak {rPois}
rCorr    .         Harm     .   N - +1 pair of gloves {Str+3}
MR       ++...                  O - +0 pair of boots (curse)
Stlth    +++.......             g - amulet of faith
HPRegen  0.34/turn              R - ring of the Kraken {Str+4 Stlth+}
MPRegen  0.15/turn              v - +4 ring of slaying

@: no status effects
A: retaliatory headbutt, horns 2
a: Heroism, Finesse, Renounce Religion


You were on level 3 of the Swamp.
You worshipped Okawaru.
Okawaru was exalted by your worship.
You were not hungry.

You visited 5 branches of the dungeon, and saw 27 of its levels.
You also visited: Bailey.

You collected 3471 gold pieces.
You spent 559 gold pieces at shops.

Inventory:

Hand Weapons
 a - the +6 demon blade of Quantum Leap {venom, +Rage rC- SInv}
   (Okawaru gifted it to you in a bailey)

   It poisons the flesh of those it strikes.
   It makes you vulnerable to cold.
   It lets you see invisible.
   It lets you go berserk.
 b - a +4 scimitar of flaming (weapon)
 M - the +8 long sword "Ubliguxt" {pain, rElec rF++ MR+}
   (You bought it in a shop on level 2 of the Orcish Mines)

   In the hands of one skilled in necromantic magic, it inflicts extra damage on
   living creatures.
   It greatly protects you from fire.
   It insulates you from electricity.
   It affects your resistance to hostile enchantments.
Armour
 c - a +0 large shield of fire resistance (worn)
 A - the +6 scale mail "Rues" (worn) {rF- Dex+7}
   (Okawaru gifted it to you on level 11 of the Dungeon)

   It affects your dexterity (+7).
   It makes you vulnerable to fire.
 C - a scarf of cloud immunity
 F - the +0 cloak "Otoeshu" {Str+2 Slay+2}
   (Okawaru gifted it to you on level 15 of the Dungeon)

   It affects your strength (+2).
   It affects your accuracy and damage with ranged weapons and melee attacks
   (+2).
 G - a +0 hat of magic resistance (worn)
 N - a +1 pair of gloves of strength (worn)
 O - a cursed +0 pair of boots (worn)
 T - a +2 cloak of poison resistance (worn)
Jewellery
 g - an amulet of faith (around neck)
 i - an uncursed ring of protection from magic {unknown}
 n - an uncursed ring of protection from magic {unknown}
 q - an uncursed ring of flight {unknown}
 t - an uncursed ring of protection from fire
 v - a +4 ring of slaying (right hand)
 R - the ring of the Kraken (left hand) {Str+4 Stlth+}
   (You found it on level 11 of the Dungeon)

   [ring of stealth]

   It affects your strength (+4).
   It makes you more stealthy.
 U - the ring of Ascent {Fire MR+ Stlth+}
   (You found it on level 11 of the Dungeon)

   [ring of fire]

   It enhances your fire magic.
   It protects you from fire.
   It makes you vulnerable to cold.
   It affects your resistance to hostile enchantments.
   It makes you more stealthy.
 V - the ring "Raqel" {rElec rF+ Dex-5 Stlth+}
   (You found it on level 11 of the Dungeon)

   [ring of protection from fire]

   It affects your dexterity (-5).
   It protects you from fire.
   It insulates you from electricity.
   It makes you more stealthy.
Wands
 k - a wand of acid (8)
Scrolls
 e - 11 scrolls of remove curse
 h - 4 scrolls of identify
 l - 2 scrolls of magic mapping
 o - a scroll of summoning
 s - 6 scrolls of blinking
 u - a scroll of fog
 y - 5 scrolls of noise
 Q - 7 scrolls of teleportation
Potions
 d - 5 potions of might
 j - a potion of agility
 m - 6 potions of heal wounds
 p - 15 potions of curing
 r - a potion of invisibility
 x - 3 potions of resistance
 K - a potion of haste
 W - 3 potions of flight
Miscellaneous
 z - a sack of spiders
Comestibles
 f - 47 rations


   Skills:
 + Level 15.2 Fighting
 + Level 17.1 Long Blades
 + Level 12.6 Armour
 + Level 9.1 Dodging
 + Level 5.0 Stealth
 + Level 18.1 Shields
 + Level 1.9 Invocations
 + Level 2.0 Evocations


You had 15 spell levels left.
You didn't know any spells.
Your spell library contained the following spells:

 Spells                   Type           Power        Failure   Level  Hunger
 Apportation              Tloc           #.....       91%         1    ##.....
 Corona                   Hex            #......      91%         1    ##.....
 Summon Butterflies       Summ           #.......     91%         1    ##.....
 Blink                    Tloc           N/A          97%         2    ###....
 Shroud of Golubria       Chrm/Tloc      #.....       97%         2    ###....
 Slow                     Hex            #.......     97%         2    ###....
 Gell's Gravitas          Tloc           #.........   100%        3    ####...
 Inner Flame              Hex/Fire       #.......     100%        3    ####...
 Lesser Beckoning         Tloc           #.........   100%        3    ####...
 Portal Projectile        Hex/Tloc       #.....       100%        3    ####...
 Teleport Other           Tloc           #.......     100%        3    ####...
 Tukima's Dance           Hex            #.......     100%        3    ####...
 Cause Fear               Hex            #.........   100%        4    #####..
 Ice Form                 Ice/Tmut       #.......     100%        4    #####..
 Leda's Liquefaction      Hex/Erth       #.........   100%        4    #####..
 Passage of Golubria      Tloc           N/A          100%        4    #####..
 Alistair's Intoxication  Tmut/Pois      #.......     100%        5    ######.
 Bolt of Magma            Conj/Fire/Erth #.........   100%        5    ######.
 Iskenderun's Battlesphe  Conj/Chrm      #.......     100%        5    ######.
 Metabolic Englaciation   Hex/Ice        #.........   100%        5    ######.
 Venom Bolt               Conj/Pois      #.........   100%        5    ######.
 Bolt of Cold             Conj/Ice       #.........   100%        6    #######
 Freezing Cloud           Conj/Ice/Air   #.........   100%        6    #######
 Invisibility             Hex            #.......     100%        6    #######
 Iron Shot                Conj/Erth      #.........   100%        6    #######
 Ozocubu's Refrigeration  Ice            #.........   100%        6    #######
 Simulacrum               Ice/Necr       #.........   100%        6    #######
 Orb of Destruction       Conj           #.........   100%        7    #######
 Spellforged Servitor     Conj/Summ      #.........   100%        7    #######


Dungeon Overview and Level Annotations

Branches:
Dungeon (15/15)            Temple (1/1) D:4            Lair (6/6) D:11
  Swamp (3/4) Lair:3       Spider (0/4) Lair:4        Slime (0/5) Lair:6
    Orc (2/2) D:10            Elf (0/3) Orc:2        Vaults (0/5) D:13
 Depths (0/5) D:15         Bailey (visited)

Altars:
Ashenzari
Cheibriados
Dithmenos
Gozag
Makhleb
Okawaru
Qazlal
Ru
Uskayaw
Wu Jian
Zin
Beogh

Shops:
D:13 %   D:14 *   Orc:1 [   Orc:2 *[(}

Portals:
Trove: D:13 (give 9 potions of agility)


Innate Abilities, Weirdness & Mutations

You reflexively headbutt those who attack you in melee.
You have a pair of horns on your head.


Message History

The noxious blast engulfs the alligator but does no damage.
You block the spiny frog's attack.
Unknown command.
The alligator is engulfed in noxious fumes.
The alligator appears confused.
The alligator completely misses you.
You riposte.
You catch the helpless alligator completely off-guard!
You slice the alligator like a ripe choko!!!
You burn the alligator! You headbutt the alligator.
The alligator is severely wounded.
You block the alligator's attack.
You see here a spiny frog corpse.
You catch the helpless alligator completely off-guard!
You chop the alligator into pieces!!! You burn the alligator!
You kill the alligator!
Okawaru accepts your kill. The komodo dragon bites you!!
* * * LOW HITPOINT WARNING * * *
The tyrant leech bites you!!!
You die...

♣ ♣♣♣♣.. ♣♣♣♣♣♣♣♣
♣♣.....≈ ♣≈..♣♣≈♣♣♣
♣.≈≈≈≈♣.
♣.......§♣♣♣..≈..♣≈
♣.≈≈.≈≈≈...≈♣♣ ♣♣<
♣♣♣≈°k°°≈≈....≈♣♣♣..
♣♣♣≈≈≈°†♣§..≈≈≈≈.§..≈≈
♣♣....@°♣♣♣.≈≈≈≈≈≈.....
♣≈..≈tlwF♣§.≈≈≈≈≈≈[♣...
♣≈.§≈≈≈)...≈w≈....♣...♣
≈≈...≈≈≈≈≈.≈f....†)≈...♣
...≈≈≈≈≈≈≈..≈♣♣≈).†.≈..§
≈≈≈≈≈≈≈≈≈≈♣♣♣♣♣♣≈≈..≈≈..
≈....≈≈≈≈.♣ ♣.<..≈§≈≈≈
..≈♣≈..≈≈♣♣ ♣♣♣♣.≈≈≈≈.
≈≈♣♣♣♣♣♣♣ ♣♣...≈♣


You could see a shambling mangrove, an alligator, a tyrant leech, a komodo
dragon, a spiny frog and a swamp drake.

Vanquished Creatures
  The ghost of fritzmikael the Warrior, an adept FoAM of Okawaru (Swamp:2)
  3 thorn hunters
  A frost giant (D:15)
  An orc warlord (Orc:2)
  Azrael (Orc:2)
  Josephine (D:11)
  Erolcha (D:11)
  6 slime creatures
  Harold (Lair:2)
  4 vault guards (D:13)
  11 hydras
  A catoblepas (Lair:6)
  A ghost crab (Swamp:3)
  6 death yaks
  5 centaur warriors
  7 alligators
  10 two-headed ogres
  2 ogre magi
  Urug (D:11)
  3 spriggans
  Nergalle (D:11)
  2 unseen horrors
  A spriggan druid (Swamp:3)
  2 wizards (D:11)
  2 swamp dragons (Swamp:2)
  2 orc knights
  2 lindwurms (Lair:6)
  4 manticores
  An oklob plant (Lair:6)
  3 orc sorcerers (Orc:2)
  A deep elf mage (D:13)
  2 ugly things (D:11)
  2 cyclopes
  Maurice (D:11)
  7 elephants
  3 black mambas
  2 gargoyles
  Joseph (D:9)
  16 spiny frogs
  2 torpor snails
  Psyche (D:11)
  A kobold demonologist (D:13)
  7 komodo dragons
  4 rime drakes
  A yaktaur (D:15)
  A demonic crawler (Lair:3)
  An efreet (D:15)
  A polar bear (Lair:6)
  4 trolls
  A queen bee (Lair:2)
  2 tengu conjurers
  4 jumping spiders (Lair:4)
  4 tyrant leeches
  A blink frog (Lair:6)
  Prince Ribbit (D:5)
  5 bog bodies
  Grinder (D:3)
  3 dream sheep (Lair:6)
  3 hornets
  16 hippogriffs
  Sigmund (D:3)
  4 wraiths
  5 redbacks (Lair:4)
  Eustachio (D:4)
  2 wyverns
  31 yaks
  A vampire (D:13)
  6 shadows
  2 fire elementals (Orc:2)
  13 vampire mosquitoes
  8 basilisks
  20 swamp worms
  3 wargs
  3 insubstantial wisps (Swamp:1)
  An acid dragon (D:11)
  2 hell hounds (Orc:2)
  Edmund (D:5)
  A soldier ant (D:13)
  13 water moccasins
  4 porcupines
  3 ice beasts
  3 black bears (D:9)
  A necrophage (D:12)
  47 orc warriors
  3 swamp drakes
  6 ogres
  A sky beast (D:11)
  2 phantoms
  3 wolves (Lair:2)
  10 crocodiles
  6 centaurs
  3 big kobolds
  10 bullfrogs
  A water moccasin skeleton (D:10)
  6 scorpions
  32 killer bees
  12 wights
  2 electric eels (Lair:3)
  A howler monkey (D:10)
  5 crimson imps
  6 bullfrog zombies
  A quasit (D:11)
  A centaur zombie (D:7)
  4 hounds
  5 jellies
  36 orc wizards
  Crazy Yiuf (D:3)
  4 bullfrog skeletons
  7 centaur skeletons
  30 orc priests
  An iguana (shapeshifter) (D:11)
  Ijyb (D:5)
  Terence (D:3)
  3 iguanas
  Natasha (thrice) (D:4)
  A hell rat (Lair:2)
  9 worker ants
  A hound zombie (D:10)
  A howler monkey zombie (D:5)
  3 worker ant zombies
  4 gnolls (D:12)
  14 adders
  6 shadow imps
  2 oozes
  An adder skeleton (D:4)
  4 worms
  3 dart slugs
  6 leopard geckos
  139 orcs
  3 ball pythons
  6 bats
  8 giant cockroaches
  9 goblins
  5 hobgoblins
  7 jackals
  9 kobolds
  4 quokkas
  4 frilled lizards
  A jackal skeleton (D:4)
  A leopard gecko skeleton (D:5)
  A leopard gecko zombie (D:5)
  A quokka zombie (D:5)
  9 rats
  5 briar patches
  A bush (Lair:1)
  A butterfly (Lair:2)
  2 fungi
  2 plants (Lair:1)
842 creatures vanquished.

Vanquished Creatures (collateral kills)
  An orc knight (Bailey)
1 creature vanquished.

Vanquished Creatures (others)
  An orc wizard (D:14)
  A briar patch (Swamp:1)
  4 fungi
  11 plants
17 creatures vanquished.

Grand Total: 860 creatures vanquished

Notes
Turn   | Place    | Note
-------+----------+-------------------------------------------
     0 | D:1      | Peloso the Minotaur Fighter began the quest for the Orb.
     0 | D:1      | Reached XP level 1. HP: 19/19 MP: 0/0
    20 | D:1      | You fall into a shaft and drop 1 floor!
    29 | D:2      | Reached skill level 4 in Shields
    31 | D:2      | Reached XP level 2. HP: 21/27 MP: 1/1
   252 | D:2      | Reached XP level 3. HP: 25/33 MP: 2/2
   722 | D:1      | Reached XP level 4. HP: 39/40 MP: 3/3
  1381 | D:3      | Reached skill level 1 in Dodging
  1414 | D:3      | Reached XP level 5. HP: 21/46 MP: 4/4
  1530 | D:3      | Noticed Terence
  1541 | D:3      | Killed Terence
  1573 | D:3      | Reached skill level 5 in Shields
  1655 | D:3      | Noticed Sigmund
  1668 | D:3      | Killed Sigmund
  1668 | D:3      | Reached skill level 5 in Long Blades
  1668 | D:3      | Reached XP level 6. HP: 48/53 MP: 5/5
  1701 | D:3      | Reached skill level 5 in Armour
  1783 | D:3      | Found a runed translucent door.
  1784 | D:3      | Noticed Crazy Yiuf
  1922 | D:3      | Noticed Grinder
  1940 | D:3      | Killed Grinder
  1940 | D:3      | Reached XP level 7. HP: 33/60 MP: 6/6
  1977 | D:3      | Found a hide-covered altar of Uskayaw.
  2171 | D:3      | Killed Crazy Yiuf
  2252 | D:4      | Noticed Eustachio
  2282 | D:4      | Killed Eustachio
  2282 | D:4      | Reached skill level 6 in Shields
  2318 | D:4      | Found a staircase to the Ecumenical Temple.
  2345 | Temple   | Entered the Ecumenical Temple
  2361 | Temple   | Became a worshipper of Warmaster Okawaru
  2389 | D:4      | Noticed Natasha
  2423 | D:4      | Killed Natasha
  2510 | D:4      | Noticed Natasha
  2524 | D:4      | Killed Natasha
  2524 | D:4      | Reached skill level 5 in Fighting
  2541 | D:4      | HP: 3/61 [poisoned by a scorpion]
  2547 | D:4      | HP: 3/61 [poisoned by a scorpion]
  2555 | D:4      | HP: 2/61 [poisoned by a scorpion]
  2906 | D:4      | Reached XP level 8. HP: 65/68 MP: 7/7
  3071 | D:4      | Noticed Natasha
  3077 | D:4      | Killed Natasha
  3089 | D:4      | Found an iron altar of Okawaru.
  3315 | D:4      | Reached * piety under Okawaru
  3585 | D:5      | Entered Level 5 of the Dungeon
  3773 | D:5      | Noticed Prince Ribbit
  3792 | D:5      | Killed Prince Ribbit
  3792 | D:5      | Reached skill level 7 in Shields
  4203 | D:5      | Noticed Ijyb
  4235 | D:5      | Killed Ijyb
  4245 | D:5      | Noticed Edmund
  4256 | D:5      | Killed Edmund
  4530 | D:5      | You fall into a shaft and drop 2 floors!
  4745 | D:7      | Reached ** piety under Okawaru
  4851 | D:7      | Reached XP level 9. HP: 72/75 MP: 8/8
  4914 | D:7      | Reached skill level 1 in Invocations
  5672 | D:6      | Reached skill level 8 in Shields
  6461 | D:8      | Reached skill level 10 in Long Blades
  6586 | D:8      | Reached *** piety under Okawaru
  6711 | D:8      | Reached skill level 9 in Shields
  7172 | D:9      | Reached XP level 10. HP: 80/86 MP: 9/9
  7186 | D:9      | Reached **** piety under Okawaru
  7520 | D:9      | Noticed Joseph
  7534 | D:9      | Killed Joseph
  7534 | D:9      | Reached skill level 1 in Stealth
  7705 | D:9      | Reached ***** piety under Okawaru
  7855 | D:10     | Entered Level 10 of the Dungeon
  7927 | D:10     | Found a staircase to the Orcish Mines.
  7993 | D:10     | Noticed a manticore
  8000 | D:10     | Received a gift from Okawaru
  8005 | D:10     | Killed a manticore
  8005 | D:10     | Reached skill level 10 in Shields
  8257 | D:10     | Found a roughly hewn altar of Beogh.
  8826 | D:10     | You fall into a shaft and drop 2 floors!
  8928 | D:12     | Found a flagged portal.
  8975 | Bailey   | Entered a bailey
  8975 | Bailey   | Noticed an orc knight
  8985 | Bailey   | Noticed an orc knight
  8995 | Bailey   | Killed an orc knight
  8995 | Bailey   | Received a gift from Okawaru
  8995 | Bailey   | Reached skill level 5 in Dodging
  8995 | Bailey   | Reached XP level 11. HP: 69/95 MP: 6/10
  9107 | Bailey   | Got a bone demon blade {god gift}
  9109 | Bailey   | Identified the +6 demon blade of Quantum Leap {venom, +Rage
                  | rC- SInv} (Okawaru gifted it to you in a bailey)
  9512 | Bailey   | Got a pitted battleaxe
 10121 | Bailey   | Killed an orc knight
 10448 | Bailey   | Reached skill level 1 in Evocations
 10532 | D:12     | Reached skill level 11 in Shields
 10982 | D:11     | Noticed Maurice
 10986 | D:11     | Killed Maurice
 10986 | D:11     | Received a gift from Okawaru
 10997 | D:11     | Got a shimmering scale mail {god gift}
 11014 | D:12     | Identified the +6 scale mail "Rues" {rF- Dex+7} (Okawaru
                  | gifted it to you on level 11 of the Dungeon)
 11125 | D:11     | Noticed a centaur warrior
 11125 | D:11     | Noticed Psyche
 11133 | D:11     | Killed Psyche
 11134 | D:11     | Noticed a two-headed ogre
 11221 | D:11     | Found a staircase to the Lair.
 11234 | D:11     | Noticed Erolcha
 11239 | D:11     | Killed Erolcha
 11255 | D:11     | Reached ****** piety under Okawaru
 11291 | D:11     | Noticed Urug
 11305 | D:11     | Killed Urug
 11532 | D:11     | Noticed Nergalle
 11543 | D:11     | Killed Nergalle
 11591 | D:11     | Noticed a wizard
 11591 | D:11     | Noticed Josephine
 11602 | D:11     | Reached skill level 10 in Armour
 11609 | D:11     | Killed Josephine
 11609 | D:11     | Reached skill level 12 in Shields
 11624 | D:11     | Killed a wizard
 11624 | D:11     | Received a gift from Okawaru
 11624 | D:11     | Reached XP level 12. HP: 102/105 MP: 12/12
 11792 | D:11     | Noticed a centaur warrior
 11806 | D:11     | Killed a centaur warrior
 12141 | D:11     | Reached skill level 10 in Fighting
 12180 | D:11     | Noticed a six-headed hydra
 12192 | D:11     | Killed a 15-headed hydra
 12451 | D:11     | Found a burning altar of Makhleb.
 12451 | D:11     | Noticed a two-headed ogre
 12459 | D:11     | Killed a two-headed ogre
 12509 | D:11     | Identified the ring "Kesean" {rF+ SInv}
 12515 | D:11     | Killed a centaur warrior
 12515 | D:11     | Received a gift from Okawaru
 12519 | D:11     | Reached skill level 13 in Shields
 12528 | D:11     | Killed a two-headed ogre
 12534 | D:11     | Got a vibrating wooden ring
 12535 | D:11     | Identified the ring of the Kraken {Str+4 Stlth+} (You found
                  | it on level 11 of the Dungeon)
 12541 | D:11     | Got a dazzling quarterstaff {god gift}
 12566 | D:11     | Got a crude lead ring
 12568 | D:11     | Identified the ring of Ascent {Fire MR+ Stlth+} (You found
                  | it on level 11 of the Dungeon)
 12580 | D:11     | Got a fine turquoise ring
 12583 | D:11     | Identified the ring "Raqel" {rElec rF+ Dex-5 Stlth+} (You
                  | found it on level 11 of the Dungeon)
 13169 | Lair:1   | Entered Level 1 of the Lair of Beasts
 14115 | Lair:2   | Noticed a five-headed hydra
 14127 | Lair:2   | Killed a one-headed hydra
 14127 | Lair:2   | Received a gift from Okawaru
 14127 | Lair:2   | Reached XP level 13. HP: 51/116 MP: 13/13
 14729 | Lair:2   | Reached skill level 15 in Long Blades
 14766 | Lair:2   | Noticed Harold
 14776 | Lair:2   | Killed Harold
 14776 | Lair:2   | Reached skill level 14 in Shields
 15706 | Lair:3   | Received a gift from Okawaru
 15917 | Lair:3   | Found a staircase to the Swamp.
 16435 | Lair:4   | Got a warped ring mail
 16771 | Lair:4   | Found a hole to the Spider Nest.
 16773 | Lair:4   | Received a gift from Okawaru
 17562 | Lair:5   | Reached skill level 15 in Shields
 17836 | Lair:1   | Identified the +5 ring mail of Royalty {Slay+2} (You found
                  | it on level 4 of the Lair of Beasts)
 17854 | Lair:1   | Identified the +7 battleaxe "Demonbane" {flame, rElec Dex+4
                  | SInv} (You found it in a bailey)
 17858 | Lair:1   | Identified the +6 quarterstaff of Kippag {holy, +Blink
                  | rElec Str+4} (Okawaru gifted it to you on level 11 of the
                  | Dungeon)
 19070 | D:13     | Found Wawkeoca's Food Shop.
 19109 | D:13     | Got a brightly glowing spear
 19133 | D:13     | Reached XP level 14. HP: 127/127 MP: 14/14
 19273 | D:13     | Found a gate to the Vaults.
 19296 | D:13     | Received a gift from Okawaru
 19655 | D:13     | Found a portal to a secret trove of treasure.
 20755 | D:14     | Found Rorur's General Store.
 20759 | D:14     | Bought a scroll of blinking for 112 gold pieces
 20896 | D:15     | Entered Level 15 of the Dungeon
 21093 | D:15     | Found a shadowy altar of Dithmenos.
 21129 | D:15     | Found a staircase to the Depths.
 21129 | D:15     | Noticed a frost giant
 21135 | D:15     | Killed a frost giant
 21135 | D:15     | Received a gift from Okawaru
 21138 | D:15     | Got an encrusted cloak {god gift}
 21149 | D:15     | Identified the +0 cloak "Otoeshu" {Str+2 Slay+2} (Okawaru
                  | gifted it to you on level 15 of the Dungeon)
 21613 | D:15     | Reached skill level 16 in Shields
 21758 | Orc:1    | Entered Level 1 of the Orcish Mines
 21879 | Orc:2    | Entered Level 2 of the Orcish Mines
 21950 | Orc:2    | Noticed Azrael
 21957 | Orc:2    | Killed Azrael
 22031 | Orc:2    | Found a roughly hewn altar of Beogh.
 22041 | Orc:2    | Found Ukketar's Gadget Shoppe.
 22312 | Orc:2    | Found a roughly hewn altar of Beogh.
 22313 | Orc:2    | Found Lubareipt's General Store.
 22376 | Orc:2    | Found a roughly hewn altar of Beogh.
 22581 | Orc:2    | Found a staircase to the Elven Halls.
 22729 | Orc:2    | Found a roughly hewn altar of Beogh.
 22786 | Orc:2    | Noticed an orc warlord
 22792 | Orc:2    | Found Vecweima's Antique Armour Shop.
 22794 | Orc:2    | Found a roughly hewn altar of Beogh.
 22811 | Orc:2    | Killed an orc warlord
 22820 | Orc:2    | Found Xakonya's Antique Weapon Boutique.
 22840 | Orc:2    | Bought a crystal long sword for 297 gold pieces
 22843 | Orc:2    | Identified the +8 long sword "Ubliguxt" {pain, rElec rF++
                  | MR+} (You bought it in a shop on level 2 of the Orcish
                  | Mines)
 22852 | Orc:2    | Bought a pair of embroidered boots for 150 gold pieces
 22921 | Orc:2    | Found a roughly hewn altar of Beogh.
 23045 | Orc:1    | Found Baasas's Armour Boutique.
 23062 | Orc:1    | Reached XP level 15. HP: 138/138 MP: 15/15
 23344 | Lair:6   | Entered Level 6 of the Lair of Beasts
 23578 | Lair:6   | Received a gift from Okawaru
 24316 | Lair:6   | Found a staircase to the Slime Pits.
 24805 | Lair:6   | Reached skill level 5 in Stealth
 24805 | Lair:6   | Reached skill level 17 in Shields
 25066 | Lair:6   | Identified the +3 spear "Bohothu" {elec, +Fly rElec rPois
                  | rF+} (You found it on level 13 of the Dungeon)
 25071 | Lair:6   | Identified a scroll of acquirement
 25457 | Swamp:1  | Entered Level 1 of the Swamp
 25953 | Swamp:1  | Noticed a thorn hunter
 25974 | Swamp:1  | Killed a thorn hunter
 26568 | Swamp:2  | Received a gift from Okawaru
 27056 | Swamp:2  | Noticed a thorn hunter
 27064 | Swamp:2  | Killed a thorn hunter
 27164 | Swamp:2  | Found a runed translucent door.
 27169 | Swamp:2  | Reached skill level 15 in Fighting
 27176 | Swamp:2  | Noticed fritzmikael's ghost (adept FoAM)
 27210 | Swamp:2  | Killed fritzmikael's ghost
 27380 | Swamp:3  | Received a gift from Okawaru
 27431 | Swamp:3  | Noticed a thorn hunter
 27441 | Swamp:3  | Killed a thorn hunter
 27441 | Swamp:3  | Reached skill level 18 in Shields
 27443 | Swamp:3  | Reached XP level 16. HP: 69/149 MP: 16/16
 27456 | Swamp:3  | Annihilated by a tyrant leech

Levels and vault maps discovered:
D:1:      dpeg_arrival_rooms_c, layout_basic
D:2:      layout_basic, first_ration, kennysheep_generic_room_6
D:3:      layout_basic, lemuel_crystal_altar, bh_chokoban, uniq_sigmund,
          uniq_terence, uniq_crazy_yiuf_cottage, uniq_grinder
D:4:      layout_cave_pods, minmay_temple_entry_mist,
          kennysheep_okawaru_gauntlet, uniq_natasha, uniq_eustachio
D:5:      layout_gridville, uniq_prince_ribbit1, uniq_edmund, uniq_ijyb
D:6:      layout_basic, kennysheep_flooded_box
D:7:      layout_basic
D:8:      layout_cave_pools
D:9:      layout_basic, uniq_joseph
D:10:     layout_basic, minmay_orc_entry_temple_large, blue_anna_alchemist
          [blue_anna_fruit_fields, blue_anna_fruit_fields]
D:11:     minmay_the_grid_triangle_9x9_recursive_3
          [minmay_the_grid_triangle_9x9_shrine,
          minmay_the_grid_triangle_9x9_windchime,
          minmay_the_grid_triangle_9x9_swiss_cheese,
          minmay_the_grid_triangle_9x9_prize_special,
          minmay_the_grid_triangle_9x9_warning,
          minmay_the_grid_triangle_9x9_minimal,
          minmay_the_grid_triangle_9x9_zippers_horizontal,
          minmay_the_grid_triangle_9x9_flanged_cone,
          minmay_the_grid_triangle_9x9_dagger], layout_loops_corners,
          lair_entry_dummy, st_stairs_9, lightli_wizard_tower, uniq_urug,
          uniq_maurice, uniq_josephine, uniq_psyche, uniq_erolcha, uniq_nergalle
D:12:     layout_basic, enter_bailey_7, minivault_23
D:13:     layout_irregular_city, lightli_vaults_fourway_checkpoint,
          nicolae_trove_entry_diagonal, serial_shops, nicolae_shop_behind_doors,
          kennysheep_nondescript
D:14:     layout_gridville, serial_shops, shop, serial_bayou_shore_b
D:15:     grunt_enter_depths_snipers, layout_stronghold, minivault_24,
          nicolae_dithmenos_through_a_glass_darkly
Temple:   compressed_dpeg_circular_temple
Lair:1:   layout_long_grid, beast_lair_carwin_3, lemuel_fruit_tree
Lair:2:   regret_index_bee_streams, layout_big_grid, lemuel_fruit_fields,
          uniq_harold
Lair:3:   layout_loops_ring, nicolae_swamp_entry_splash_gauntlet,
          serial_bayou_lagoon_b
Lair:4:   layout_loops_ring, nicolae_spider_entry_tight_spaces, worms_lemuel
Lair:5:   layout_loops_ring, grunt_megastairs_4
Lair:6:   hangedman_lair_in_review, layout_cave_pods,
          minmay_slime_entry_oklob_enclosed
Swamp:1:  layout_basic_swamp, evilmike_swamp_ruin_house_5, swamp_pool1
Swamp:2:  layout_basic_swamp, gammafunk_ghost_grave, evilmike_swamp_ruin_house_1
Swamp:3:  cheibrodos_swamp_heart_of_darkness, layout_basic_swamp,
          evilmike_swamp_ruin_house_3
Orc:1:    layout_caves, serial_shops, nicolae_shop_stone
Orc:2:    grunt_orc_community_town_hall, layout_caves,
          grunt_orc_community_big_house_1, grunt_orc_community_big_house_2,
          grunt_orc_community_house_2, grunt_orc_community_house_2,
          grunt_orc_community_house_2, grunt_orc_community_house_3,
          grunt_orc_community_house_1, grunt_orc_community_house_2, uniq_azrael

Skill      XL: |  1  2  3  4  5  6  7  8  9 10 11 12 13 14 15 |
---------------+----------------------------------------------+-----
Shields        | 4 5 6 7 9 10 12 13 15 16 18 | 18.1
Armour         | 4 5 6 7 8 10 11 12 | 12.6
Fighting       | 4 5 6 7 8 9 11 12 14 15 | 15.2
Long Blades    | 3 4 5 6 7 9 10 12 13 14 15 16 17 | 17.1
Dodging        | 1 2 3 4 5 6 7 8 9 |  9.1
Invocations    | 1 |  1.9
Stealth        | 1 2 3 4 5 |  5.0
Evocations     | 1 2 |  2.0

Action                   |  1- 3 |  4- 6 |  7- 9 | 10-12 | 13-15 | 16-18 || total
-------------------------+-------+-------+-------+-------+-------+-------++-------
Melee: Long sword        |    88 |   112 |   465 |   242 |       |       ||   907
       Headbutt          |    13 |    27 |    79 |   166 |   379 |     7 ||   671
       Demon blade       |       |       |       |   337 |   834 |       ||  1171
       Falchion          |       |       |       |     8 |    18 |       ||    26
       Scimitar          |       |       |       |       |   161 |    10 ||   171
Invok: Heroism           |       |       |     4 |     4 |     3 |       ||    11
Evoke: Wand              |       |       |       |    19 |       |       ||    19
  Use: Potion            |       |     2 |       |     2 |       |       ||     4
       Scroll            |       |       |     2 |    16 |    10 |       ||    28
 Stab: Sleeping          |       |       |       |     2 |    16 |       ||    18
       Distracted        |       |       |       |     1 |     1 |       ||     2
       Confused          |       |       |       |       |       |     2 ||     2
  Eat: Chunk             |       |     4 |    16 |    19 |    33 |       ||    72
       Ration            |       |       |       |     1 |     3 |       ||     4
Armor: Scale mail        |    51 |    38 |    68 |    45 |   204 |     5 ||   411
       Chain mail        |       |       |   120 |    93 |       |       ||   213
Dodge: Dodged            |    33 |    33 |   135 |   144 |   306 |     9 ||   660
Block: Shield            |    39 |    63 |   330 |   449 |   266 |       ||  1147
       Large shield      |       |       |       |       |   592 |    19 ||   611
       Rpst.: Long sword |    11 |     5 |    35 |    10 |       |       ||    61
       Demon blade       |       |       |       |    18 |    58 |       ||    76
       Falchion          |       |       |       |       |     1 |       ||     1
       Scimitar          |       |       |       |       |     6 |     2 ||     8
